 Dungeon Crawl Stone Soup version 0.27.1-34-g3ba077fa99 (webtiles) character file.

Game seed: 4895439108221535055

52 Descartes the Grasshopper (level 3, 0/16 HPs)
             Began as a Felid Warper on Jan 12, 2022.
             Was a Believer of Lugonu.
             Killed by nerve-wracking pain
             ... invoked by an orc priest
              (11 damage)
             ... on level 3 of the Dungeon.
             The game lasted 00:03:59 (2726 turns).

Descartes the Grasshopper (Felid Warper)            Turns: 2726, Time: 00:03:59

Health: 0/16       AC:  1    Str:  8    XL:     3   Next: 60%
Magic:  7/7        EV: 18    Int: 14    God:    Lugonu [**....]
Gold:   65         SH:  0    Dex: 15    Spells: 6/6 levels left
                                        Lives:  0   Deaths: 0

rFire    . . .     SeeInvis +     - Unarmed
rCold    . . .     Faith    .   (shield unavailable)
rNeg     . . .     Spirit   .   (armour unavailable)
rPois    .         Reflect  .   (helmet unavailable)
rElec    .         Harm     .   (cloak unavailable)
rCorr    .         Rampage  .   (gloves unavailable)
Will     .....                  (boots unavailable)
Stlth    +.........             (no amulet)
HPRegen  0.05/turn              (no ring)
MPRegen  0.10/turn              (no ring)

@: quick
A: very small, claws 1, fangs 3, see invisible, speed 1, shaggy fur 1, stealthy
paws, no weapons or thrown items, no armour, multi-lived
a: Renounce Religion, Depart the Abyss, Bend Space


You were on level 3 of the Dungeon.
You worshipped Lugonu.
Lugonu was pleased with you.
You visited 1 branch of the dungeon, and saw 3 of its levels.

You collected 65 gold pieces.

Inventory:

Scrolls
 a - 2 scrolls of blinking
 b - a scroll of vulnerability {unknown}
 d - a scroll of teleportation {unknown}
 e - a scroll of identify {unknown}
Potions
 c - a potion of curing {unknown}


   Skills:
 - Level 2.0 Fighting
 + Level 3.8 Dodging
 + Level 2.6 Unarmed Combat
 - Level 2.0 Spellcasting
 + Level 1.3 Hexes
 + Level 5.1 Translocations
 + Level 1.3 Transmutations


You had 6 spell levels left.
You didn't know any spells.
Your spell library contained the following spells:

 Spells                   Type           Power      Damage    Failure   Level
 Blink                    Tloc           N/A        N/A       4%          2
 Gell's Gravitas          Tloc           7%         N/A       9%          3
 Lesser Beckoning         Tloc           7%         N/A       9%          3
 Teleport Other           Tloc           15%        N/A       9%          3
 Slow                     Hex            5%         N/A       21%         2
 Wereblood                Tmut           5%         N/A       22%         2
 Sublimation of Blood     Necr           0%         N/A       34%         2
 Confusing Touch          Hex            5%         N/A       38%         3
 Manifold Assault         Tloc           15%        N/A       63%         5
 Yara's Violent Unravell  Hex/Tmut       2%         3d3       98%         5
 Summon Hydra             Summ           0%         N/A       100%        7


Dungeon Overview and Level Annotations

Branches:
Dungeon (2/15)

Altars:
Lugonu


Innate Abilities, Weirdness & Mutations

You have sharp claws.
You have razor-sharp teeth.
You have supernaturally acute eyesight. (SInv)
You cover ground quickly. (Speed+)
You are covered in fur. (AC +1)
Your paws help you pounce on unaware monsters.
You are incapable of wielding weapons or throwing items.
You cannot wear armour.
You gain extra lives every three experience levels.


Message History

You kill the goblin!
Lugonu accepts your kill.
No target in view!
No target in view!
No target in view!
No target in view!
No target in view!
No target in view!
No target in view!
No target in view!
No target in view!
HP restored.
Things that are here:
a +0 club; a +0 hunting sling; 13 stones 2 orc priests come into view.
The orc priest shouts! x2; You hear a shout!
The orc priest casts a cantrip, but nothing happens.
An orc wizard comes into view. It is wielding a +0 dagger.
The orc priest moves out of view.
The orc priest calls down the wrath of Beogh upon you.
Beogh smites you!
Ouch! That really hurt!
Things that are here:
a +0 club; a +0 hunting sling; 13 stones You see here a +0 falchion.
Things that are here:
a +0 club; a goblin corpse An orc priest is nearby!
You scratch the orc priest.
The orc priest is moderately wounded.
The orc priest closely misses you.
You scratch the orc priest but do no damage.
The orc priest is moderately wounded.
The orc priest closely misses you.
You scratch the orc priest.
The orc priest is moderately wounded.
The orc priest calls down the wrath of Beogh upon you.
Pain shoots through your body!
Ouch! That really hurt!
You die...

#.##.###### #.##.......
#.######### #.# #.....
########.# #.###.
#........# #.# #.
#.######## #.# #. #o#
#.# #. #@# #)# #. #.#
#.# #. #.# #.# #. #.#
#.# #.# #.# ..# #.#
#o######## #.# #.o..#
#.#
o.o...#.##############.#


You could see an orc priest.

Vanquished Creatures
  An adder (D:2)
  A dart slug (D:1)
  3 ball pythons (D:1)
  4 endoplasms
  2 giant cockroaches (D:1)
  10 goblins
  A hobgoblin (D:1)
  2 jackals (D:1)
  4 kobolds
  2 quokkas (D:1)
  4 bats (D:1)
  2 frilled lizards (D:1)
  A rat (D:1)
37 creatures vanquished.

Notes
Turn   | Place    | Note
-------+----------+-------------------------------------------
     0 | D:1      | Descartes the Felid Warper began the quest for the Orb.
     0 | D:1      | Reached XP level 1. HP: 9/9 MP: 4/4
    65 | D:1      | Found a faded altar of an unknown god.
   137 | D:1      | Became a worshipper of Lugonu the Unformed
   137 | D:1      | Reached * piety under Lugonu
   137 | D:1      | Reached ** piety under Lugonu
   207 | D:1      | Reached XP level 2. HP: 10/13 MP: 6/6
   587 | D:1      | Reached skill level 1 in Transmutations
  1354 | D:1      | Reached XP level 3. HP: 14/16 MP: 7/7
  1984 | D:1      | Reached skill level 1 in Hexes
  1985 | D:1      | Reached skill level 5 in Translocations
  2507 | D:2      | You fall into a shaft and drop 1 floor!
  2726 | D:3      | Killed from afar by an orc priest

Illustrated notes

Levels and vault maps discovered:
D:1:      wheals_arrival_linesprint, layout_loops_ring,
          ebering_ecumenical_altar_box
D:2:      layout_basic, uniq_natasha
D:3:      layout_loops_ring

Skill      XL: |  1  2  3 |
---------------+----------+-----
Transmutations | 1 |  1.3
Hexes          | 1 |  1.3
Translocations | 5 |  5.1
Fighting       | |  2.0
Dodging        | |  3.8
Unarmed Combat | |  2.6
Spellcasting   | |  2.0

Action                   || total
-------------------------++-------
Melee: Unarmed           ||   125
       Bite              ||     6
 Stab: Sleeping          ||     2
Armor: Skin              ||     9
Dodge: Dodged            ||   102
